[Event "ARA Cto Aragon Equipos Division Honor"]
[Site "Aragon"]
[Date "2021.06.05"]
[Round "10.2"]
[White "Glavina, Pablo"]
[Black "Llorente Zaro, Alfonso"]
[Result "0-1"]
[ECO "B22"]
[WhiteElo "2410"]
[BlackElo "2441"]
[PlyCount "128"]
[EventDate "2021.??.??"]
[EventType "team"]
[EventRounds "10"]
[EventCountry "ESP"]
[WhiteTeam "MyInvestor Casablanca"]
[BlackTeam "Jaime Casas"]
[TimeControl "6000+710"]
[WhiteClock "0:47:22"]
[BlackClock "0:02:40"]

1. e4 c5 2. Nf3 Nc6 3. c3 Nf6 4. e5 Nd5 5. d4 cxd4 6. Bc4 Nb6 7. Bb3 d5 8. exd6 Qxd6 9. Na3 Be6 10. Nb5 Qd7 11. Bxe6 Qxe6+ 12. Be3 Qd7 13. Nbxd4 e6 14. O-O Be7 15. Qb3 Na5 16. Qb5 Nac4 17. Bc1 O-O 18.
b3 Qxb5 19. Nxb5 Nd6 20. Nxd6 Bxd6 21. c4 Bc5 22. Bd2 Rfd8 23.
Ba5 Rdc8 24. Rfd1 Kf8 25. Ne5 f6 26. Nd3 Bd4 27. Rac1 e5 28.
Kf1 Nd7 29. Nf4 Nc5 30. Ne2 Ne6 31. Nxd4 Nxd4 32. Bc3 Nc6 33.
Rd7 Rab8 34. Rcd1 b5 35. cxb5 Rxb5 36. Bb2 a5 37. Rc1 Rbb8 38. Rc4 Kg8 39. Bc3 Nb4 40. a3 Rxc4 41. bxc4 Nc6 42. Ke2 Rb3 43. Kd2 Rxa3 44. Kc2 Ra2+ 45. Kb3 Rxf2 46. c5 Rf4 47. Rd6 a4+ 48. Kc2 Nb4+ 49. Bxb4 Rxb4 50. Kc3 Rb1 51. Kc4 Kf7 52. Ra6 Rd1 53. Kb5 e4 54. Rxa4 f5 55. c6 Rc1 56. Kb6 e3 57. Ra2 Ke6 58. Ra3 f4 59. c7 e2 60. Ra1 e1=Q 61. c8=Q+ Rxc8 62. Rxe1+ Kf6 63. Re2 g5 64. h3 h5 0-1

[Event "ARA Cto Aragon Equipos Division Honor"]
[Site "Aragon"]
[Date "2021.06.05"]
[Round "10.3"]
[White "Antoli Royo, Joaquin Miguel"]
[Black "Quintin Navarro, Alberto"]
[Result "0-1"]
[ECO "C47"]
[WhiteElo "2423"]
[BlackElo "2394"]
[PlyCount "66"]
[EventDate "2021.??.??"]
[EventType "team"]
[EventRounds "10"]
[EventCountry "ESP"]
[WhiteTeam "Jaime Casas"]
[BlackTeam "MyInvestor Casablanca"]
[TimeControl "6000+1070"]
[WhiteClock "0:03:32"]
[BlackClock "0:08:19"]

1. e4 e5 2. Nf3 Nc6 3. Nc3 Nf6 4. d4 exd4 5. Nd5 Nb4 6. Nxf6+ Qxf6 7. Bc4 Bc5 8. O-O O-O 9. e5 Qg6 10. a3 Nc6 11. b4 Bb6 12. b5 Ne7 13.
Bd3 Qh5 14. Re1 d5 15. exd6 Ng6 16. h3 cxd6 17. Bb2 Nf4 18. a4 Nxg2 19. Re4 Bf5 20. a5 Bc5 21. Nxd4 Qxd1+ 22. Rxd1 Bxe4 23. Bxe4 Nf4 24. Bxb7 Rab8 25. a6 Rbe8 26. Kf1 Nxh3 27. Nf5 Nxf2 28. Rd2 Ng4 29. Rg2 h5 30. Bxg7 Re6 31. Bd5 Rfe8 32. Bc3 Kh7 33. Rg3 Re5 {[%emt 0:01:08] Kg1 [%emt 00:01:42]} 0-1

[Event "ARA Cto Aragon Equipos Division Honor"]
[Site "Aragon"]
[Date "2021.06.05"]
[Round "10.4"]
[White "Bayo Milagro, Alvaro"]
[Black "Ramiro Ovejero, Juan Luis"]
[Result "1/2-1/2"]
[ECO "A21"]
[WhiteElo "2257"]
[BlackElo "2345"]
[PlyCount "73"]
[EventDate "2021.??.??"]
[EventType "team"]
[EventRounds "10"]
[EventCountry "ESP"]
[WhiteTeam "MyInvestor Casablanca"]
[BlackTeam "Jaime Casas"]
[TimeControl "6000+1075"]
[WhiteClock "0:01:07"]
[BlackClock "0:01:07"]

1. c4 e5 2. Nc3 Bb4 3. Nd5 Na6 4. a3 Ba5 5. b4 c6 6. Nc3 Bc7 7. d4 Nf6 8.
Bg5 h6 9. Bh4 Qe7 10. d5 e4 11. e3 Be5 12. Rc1 g5 13. Bg3 d6 14. Nge2 c5 15.
h4 O-O 16. hxg5 hxg5 17. Bxe5 Qxe5 18. Ng3 Bg4 19. Be2 Bxe2 20.
Qxe2 Kg7 21. Qb2 Rh8 22. Ke2 Rh4 23. Qa1 Kg6 24. b5 Nb8 25. Qb1 Rxh1 26. Nxh1 Nbd7 27. f3 Re8 28. Nf2 Qh2 29. Rg1 Nh5 30. Ncxe4 f5 31. g4 Nf4+ 32. exf4 fxe4 33. fxg5 Kxg5 34. fxe4 Rf8 35. Rf1 Ne5 36. Qc1+ Kg6 37. Ke1 1/2-1/2